 Dungeon Crawl Stone Soup version 0.18-a0-1027-g814d7dd (console) character file.

28266 FIQ the Basher (level 13, -19/144 HPs)
             Began as a Demonspawn Wanderer on Jan 8, 2016.
             Was an Elder of Yredelemnul.
             Killed from afar by an ice dragon (44 damage)
             ... with a blast of cold
             ... on level 6 of the Lair of Beasts.
             The game lasted 00:41:56 (12908 turns).

FIQ the Basher (Demonspawn Wanderer)               Turns: 12908, Time: 00:41:56

Health: -19/144    AC: 26    Str: 16    XL:     13   Next: 8%
Magic:  13/13      EV:  2    Int: 13    God:    Yredelemnul [****..]
Gold:   841        SH: 12    Dex: 18    Spells: 0 memorised, 12 levels left

rFire  . . .     SeeInvis .     N - +2 morningstar (pain)
rCold  . . .     Gourm    .     (armour currently unavailable)
rNeg   + + +     Faith    .     K - +0 buckler
rPois  +         Spirit   .     (helmet unavailable)
rElec  .         Dismiss  .     (cloak currently unavailable)
rCorr  .         Reflect  +     (gloves currently unavailable)
SustAt .         Harm     .     (boots currently unavailable)
MR     .....     NoTele   +     R - +6 amulet of reflection (curse)
Stlth  +++.......               e - +4 ring of evasion
                                s - ring of wizardry

@: agile, tree-form, very slightly contaminated, hasted, very quick, not
resistant to hostile enchantments, fairly stealthy
A: (antennae 0), (molten scales 0), clumsy 1, (cold resistance 0), dopey 1,
powered by death 2, (spiny 0), strong 1, wild magic 1
a: Recall Undead Slaves, Injury Mirror, Animate Dead, Drain Life, Renounce
Religion


You were on level 6 of the Lair of Beasts.
You worshipped Yredelemnul.
Yredelemnul was greatly pleased with you.
You were hungry.
You were a tree.
You visited 4 branches of the dungeon, and saw 17 of its levels.
You also visited: Ossuary.

You collected 949 gold pieces.
You spent 108 gold pieces at shops.

Inventory:

Hand Weapons
 v - a +2 mace of crushing
 N - a +2 morningstar of pain (weapon)
Armour
 p - a +2 cloak (melded)
 q - a +2 leather armour of cold resistance (melded)
 z - a +1 hat
 K - a +0 buckler (worn)
 Y - a +4 chain mail
Rods
 S - a +3 rod of the swarm (9/9)
   (You found it on level 9 of the Dungeon)
Jewellery
 e - a +4 ring of evasion (right branch)
 g - an uncursed ring of fire
 s - a ring of wizardry (left branch)
 R - a cursed +6 amulet of reflection (around neck)
Wands
 a - a wand of lightning (4/15)
 d - a wand of draining (3/15)
 D - a wand of magic darts (24/48)
 E - a wand of magic darts (20/48)
 F - a wand of hasting (3/9)
 J - a wand of lightning (4/15)
 Q - a wand of flame (17/48)
 T - a wand of lightning (2/15)
 U - a wand of confusion (19/48)
Scrolls
 h - a scroll of fog {unknown}
 j - 5 scrolls of teleportation
 k - 5 scrolls of recharging
 l - 16 scrolls of remove curse
 r - 14 scrolls of identify
 x - 4 scrolls of enchant weapon
 y - 2 scrolls of random uselessness
 B - a scroll of enchant armour
 G - a scroll of immolation
Potions
 c - a potion of lignification
 n - 3 potions of brilliance
 t - a potion of resistance
 P - a potion of poison
Miscellaneous
 o - a disc of storms
 X - a plain deck of summoning {drawn: 2}
Comestibles
 f - 8 bread rations
 i - 5 meat rations
 m - 4 fruits
 w - 6 beef jerkies
 A - 11 chunks of flesh
 C - 11 royal jellies


   Skills:
 + Level 7.5 Fighting
 * Level 14.0 Maces & Flails
 + Level 8.1 Armour
 + Level 10.0 Dodging
 - Level 1.0 Stealth
 - Level 5.1 Shields


You had 12 spell levels left.
You didn't know any spells.

Dungeon Overview and Level Annotations

Branches:
Dungeon (9/15)             Temple (1/1) D:4            Lair (6/8) D:9
 Shoals (1/4) Lair:4        Snake (0/4) Lair:3
  Slime: Lair:6-8       Orc: D:9-12

Altars:
Ashenzari
Cheibriados
Dithmenos
Elyvilon
Fedhas
Gozag
Kikubaaqudgha
Makhleb
Nemelex Xobeh
Okawaru
Pakellas
Qazlal
Ru
Sif Muna
Trog
Vehumet
Xom
Yredelemnul
Zin
The Shining One

Shops:
D:7 (

Annotations:
Lair:1 exclusion: oklob plant
Lair:4 exclusion: oklob plant


Innate Abilities, Weirdness & Mutations

((You have a pair of large antennae on your head (SInv).))
((You are mostly covered in molten scales (AC +3, EV -1).))
You regenerate health from kills.
((You are partially covered in sharp spines.))
You are clumsy. (Dex -2)
((Your flesh is cold resistant.))
You are dopey. (Int -2)
Your muscles are strong. (Str +2)
Your spells are a little harder to cast, but a little more powerful.


Message History

Drink which item? (? for menu, Esc to quit)
You feel better. The ice dragon completely misses you.
The ice dragon claws you but does no damage.
You block the ice dragon's attack.
You hit the ice dragon.
The ice dragon is severely wounded.
You hit the ice dragon but do no damage.
The ice dragon is severely wounded.
The ice dragon bites you but does no damage.
The ice dragon claws you.
* * * LOW HITPOINT WARNING * * *
You block the ice dragon's attack.
Drink which item? (? for menu, Esc to quit)
You feel better.
You sock the ice dragon!
The ice dragon is severely wounded.
The ice dragon breathes frost at you.
Helpless, you fail to dodge the blast of cold.
You die...
Your body rises from the dead as a mindless zombie.

,*,,.P#.#P..<.................##
**,,P#####.....................#
**,,,** #............#........#
**,,,* #...........D.........#
*,,,** ##..#...P##.##...P...#*
*,,,,* ##.#......#..###....##
###.##* #.#...#...#### *#....#
#....# #.........## ***,.{.##
##....## ##.........# *,,,,.##*
.<.....# #......D...#***,,,#D,**
.......###......♣...#*,,,,*,.#,*
......P..PP........##**,,**,*.,*
..........P........###*,.#**,,∩*
.....%....+........#.#...# *****
.......###.........'.....#******
..#..####.....<....###.....,,,,*
####.# ##..P.###.## **,#..**,**
### ###### ### ***,,**** ****


You could see an ice dragon.

Vanquished Creatures
  Erolcha (D:8)
  2 hydras
  Erica (D:8)
  2 death yaks (Lair:3)
  14 elephants
  A manticore (Lair:4)
  2 torpor snails
  4 black mambas
  7 spiny frogs
  2 komodo dragons
  2 fire drakes
  A queen bee (Lair:3)
  5 blink frogs (Lair:3)
  Eustachio (D:5)
  10 yaks
  A basilisk (Lair:3)
  A steam dragon (D:8)
  2 hungry ghosts (D:9)
  5 hippogriffs
  10 wolves
  4 nagas (Lair:3)
  9 water moccasins
  12 porcupines
  An orc warrior (D:9)
  A sky beast (D:9)
  A phantom (D:9)
  2 black bears
  4 ogres (D:9)
  A necrophage (D:8)
  A centaur (D:9)
  7 crocodiles
  Blork the orc (D:5)
  15 giant frogs
  A wyvern zombie (D:9)
  3 scorpions
  25 killer bees (Lair:3)
  5 bog bodies (Ossuary)
  A crimson imp (D:5)
  A jelly (D:6)
  A centaur zombie (Ossuary)
  3 giant frog zombies
  A quasit (D:5)
  Crazy Yiuf (D:3)
  4 giant frog skeletons
  4 hounds
  5 orc priests
  8 iguanas
  7 orc wizards
  4 worker ants
  25 sheep
  A killer bee zombie (D:7)
  A hound zombie (Ossuary)
  A hound skeleton (D:4)
  10 mummies
  2 worker ant zombies (Ossuary)
  4 adders
  15 river rats
  2 shadow imps
  An ooze (D:2)
  4 adder zombies
  2 worms
  A giant gecko (D:4)
  33 orcs
  A ball python (D:3)
  7 giant cockroaches
  7 goblins
  4 hobgoblins
  16 jackals
  5 kobolds
  10 quokkas
  8 bats
  A giant cockroach zombie (Ossuary)
  2 giant gecko skeletons
  3 giant newts
  A jackal skeleton (D:4)
  A jackal zombie (Ossuary)
  A quokka zombie (Ossuary)
  15 rats
  3 fungi (D:9)
  3 plants (D:9)
397 creatures vanquished.

Vanquished Creatures (collateral kills)
  A griffon (Lair:4)
  A black mamba (Lair:4)
  A spiny frog (Lair:4)
  A porcupine (Lair:4)
  3 sheep (Lair:5)
7 creatures vanquished.

Vanquished Creatures (others)
  An orc (D:4)
  4 fungi
  4 plants
  3 withered plants (Ossuary)
12 creatures vanquished.

Grand Total: 416 creatures vanquished

Notes
Turn   | Place    | Note
--------------------------------------------------------------
     0 | D:1      | FIQ the Demonspawn Wanderer began the quest for the Orb.
     0 | D:1      | FIQ set off with: a +2 scale mail, a potion of curing, a potion of lignification, a +0 club, a bread ration
     0 | D:1      | Reached XP level 1. HP: 16/16 MP: 1/1
   186 | D:1      | Found a shattered altar of Ashenzari.
   461 | D:1      | Reached skill level 1 in Maces & Flails
   609 | D:1      | Gained mutation: You are partially covered in sharp spines. [demonic ancestry]
   609 | D:1      | Reached XP level 2. HP: 22/22 MP: 2/2
  1057 | D:2      | Gained mutation: You regenerate a little health from kills. [demonic ancestry]
  1057 | D:2      | Reached XP level 3. HP: 20/27 MP: 3/3
  1684 | D:3      | Reached XP level 4. HP: 30/33 MP: 4/4
  1846 | D:3      | Found a bloodstained altar of Trog.
  2022 | D:3      | Noticed Crazy Yiuf
  2037 | D:3      | Killed Crazy Yiuf
  2037 | D:3      | Gained mutation: You are partially covered in molten scales (AC +1). [demonic ancestry]
  2037 | D:3      | Reached XP level 5. HP: 13/38 MP: 5/5
  2189 | D:4      | Found a staircase to the Ecumenical Temple.
  2566 | D:4      | Found a sand-covered staircase.
  2573 | D:4      | Gained mutation: You have a pair of small antennae on your head. [demonic ancestry]
  2573 | D:4      | Reached XP level 6. HP: 26/44 MP: 6/6
  2577 | Ossuary  | Entered an ossuary
  2664 | Ossuary  | Reached skill level 5 in Maces & Flails
  2796 | Ossuary  | Reached XP level 7. HP: 50/50 MP: 7/7
  2920 | Ossuary  | Reached skill level 6 in Maces & Flails
  3462 | D:5      | Entered Level 5 of the Dungeon
  3548 | D:5      | Noticed Eustachio
  3573 | D:5      | Killed Eustachio
  3573 | D:5      | Reached skill level 7 in Maces & Flails
  3573 | D:5      | Gained mutation: You have a pair of antennae on your head. [demonic ancestry]
  3573 | D:5      | Reached XP level 8. HP: 54/56 MP: 8/8
  3995 | D:5      | Reached skill level 5 in Dodging
  4070 | D:5      | Noticed Blork the orc
  4087 | D:5      | Killed Blork the orc
  4405 | D:6      | Reached skill level 8 in Maces & Flails
  4494 | Temple   | Entered the Ecumenical Temple
  4636 | Temple   | Became a worshipper of Yredelemnul the Dark
  5518 | D:7      | Found Otto Osu's Antique Weapon Emporium.
  5521 | D:7      | Bought a glowing morningstar for 108 gold pieces
  5985 | D:8      | Noticed Erica
  5993 | D:8      | Reached XP level 9. HP: 55/61 MP: 9/9
  6014 | D:8      | Killed Erica
  6014 | D:8      | Reached skill level 9 in Maces & Flails
  6088 | D:8      | Noticed Erolcha
  6098 | D:8      | Killed Erolcha
  6119 | D:8      | Reached skill level 10 in Maces & Flails
  6325 | D:8      | Found a burning altar of Makhleb.
  6327 | D:8      | Noticed a green death
  6328 | D:8      | Found a glowing silver altar of Zin.
  6328 | D:8      | Noticed an angel
  6618 | D:9      | Gained mutation: You are mostly covered in molten scales (AC +3, EV -1). [demonic ancestry]
  6618 | D:9      | Reached XP level 10. HP: 67/67 MP: 10/10
  6665 | D:9      | Identified a +3 rod of the swarm (9/9) (You found it on level 9 of the Dungeon)
  6803 | D:9      | Reached * piety under Yredelemnul
  6808 | D:9      | Found a staircase to the Lair.
  7018 | D:9      | Reached skill level 5 in Shields
  7305 | Lair:1   | Entered Level 1 of the Lair of Beasts
  7339 | Lair:1   | Noticed an oklob plant
  7458 | Lair:1   | Noticed a spiny frog
  7466 | Lair:1   | Killed a spiny frog
  7472 | Lair:1   | Reached skill level 11 in Maces & Flails
  7648 | Lair:1   | Noticed a spiny frog
  7661 | Lair:1   | Killed a spiny frog
  8330 | Lair:2   | Reached ** piety under Yredelemnul
  8330 | Lair:2   | Reached skill level 5 in Armour
  8505 | Lair:2   | Noticed a black mamba
  8519 | Lair:2   | Killed a black mamba
  8535 | Lair:2   | Noticed a five-headed hydra
  8543 | Lair:2   | Killed a five-headed hydra
  8543 | Lair:2   | Gained mutation: You regenerate health from kills. [demonic ancestry]
  8543 | Lair:2   | Reached XP level 11. HP: 54/75 MP: 11/11
  9253 | Lair:3   | Reached skill level 12 in Maces & Flails
  9384 | Lair:3   | Reached *** piety under Yredelemnul
  9492 | Lair:3   | Noticed a death yak
  9542 | Lair:3   | Killed a death yak
  9742 | Lair:3   | Noticed a death yak
  9771 | Lair:3   | Killed a death yak
  9771 | Lair:3   | Reached skill level 5 in Fighting
 10094 | Lair:3   | Found a staircase to the Snake Pit.
 10191 | Lair:3   | Reached XP level 12. HP: 86/86 MP: 12/12
 10191 | Lair:3   | Received a gift from Yredelemnul
 10491 | Lair:4   | Reached skill level 13 in Maces & Flails
 10657 | Lair:4   | Gained mutation: Your body sometimes deteriorates upon taking damage. [potion of mutation]
 10657 | Lair:4   | Gained mutation: You are frail (-10% HP). [potion of mutation]
 10657 | Lair:4   | Gained mutation: You expend magic power (3 MP) to strengthen your wands. [potion of mutation]
 10658 | Lair:4   | Lost mutation: You expend magic power (3 MP) to strengthen your wands. [potion of cure mutation]
 10658 | Lair:4   | Lost mutation: Your body sometimes deteriorates upon taking damage. [potion of cure mutation]
 10658 | Lair:4   | Lost mutation: You are frail (-10% HP). [potion of cure mutation]
 10659 | Lair:4   | Gained mutation: Your flesh is cold resistant. [potion of mutation]
 10659 | Lair:4   | Gained mutation: You are clumsy. (Dex -2) [potion of mutation]
 10660 | Lair:4   | Gained mutation: You are dopey. (Int -2) [potion of mutation]
 10660 | Lair:4   | Gained mutation: Your spells are a little harder to cast, but a little more powerful. [potion of mutation]
 10660 | Lair:4   | Gained mutation: Your muscles are strong. (Str +2) [potion of mutation]
 10921 | Lair:4   | Reached **** piety under Yredelemnul
 11045 | Lair:4   | Found a staircase to the Shoals.
 11650 | Shoals:1 | Entered Level 1 of the Shoals
 11722 | Lair:5   | Received a gift from Yredelemnul
 11948 | Lair:5   | Reached skill level 10 in Dodging
 12610 | Lair:6   | Gained mutation: You have a pair of large antennae on your head (SInv). [demonic ancestry]
 12610 | Lair:6   | Reached XP level 13. HP: 96/96 MP: 13/13
 12658 | Lair:6   | Reached skill level 14 in Maces & Flails
 12901 | Lair:6   | HP: 5/144 [ice dragon/blast of cold (28)]
 12908 | Lair:6   | Killed from afar by an ice dragon

Vault maps used:
D:1:      shiori_arrival_oz, minivault_26, minmay_misc_feat_columns,
          nrook_mini_backslash, ashenzari_altar_1
D:2:      first_bread
D:3:      grunt_decor_fettered, trog_hazing_becter, uniq_crazy_yiuf_cottage
D:4:      minmay_temple_entry_junction, gup_ossuary_entry_pyramid
D:5:      uniq_blork_the_orc, uniq_eustachio
D:7:      serial_shops, kennysheep_mini
D:8:      grunt_temple_overflow_order_and_chaos_2, uniq_erica, uniq_erolcha
D:9:      due_lair_maze_entry_diamond
Temple:   kilobyte_greek_temple_18
Lair:1:   st_stairs_3, minmay_stone_trees_small, minmay_lair_oklob_bushes
Lair:3:   minmay_snake_entry_guardpost_medium, minivault_25
Lair:4:   minmay_shoals_entry_beasts
Lair:5:   fungi_pond_lemuel, grunt_megastairs_4
Lair:6:   portal_ice_cave_entry_dragon
Shoals:1: ldierk_geyser, uniq_kirke
Ossuary:  ossuary_zaba_flooded

Action                   |  1- 3 |  4- 6 |  7- 9 | 10-12 | 13-15 || total
-------------------------+-------+-------+-------+-------+-------++-------
Melee: Club              |    77 |       |       |       |       ||    77
       Mace              |    16 |   140 |   212 |       |       ||   368
       Morningstar       |       |       |    60 |  1110 |    63 ||  1233
Invok: Recall Undead Sla |       |       |       |     1 |       ||     1
       Animate Dead      |       |       |       |     1 |       ||     1
Evoke: Wand              |       |       |       |     2 |       ||     2
       Deck              |       |       |       |     2 |       ||     2
  Use: Scroll            |     6 |     1 |     1 |     8 |     1 ||    17
       Potion            |       |     9 |     3 |    10 |     8 ||    30
 Stab: Invisible         |       |       |       |     1 |       ||     1
  Eat: Chunk             |     2 |     3 |    15 |    21 |     1 ||    42
       Fruit             |       |       |     2 |       |       ||     2
